 Dungeon Crawl Stone Soup version 0.21.0-3-g78d12a8 (webtiles) character file.

3211 mortelune the Destroyer (level 9, 0/78 HPs)
             Began as a Pale Draconian Conjurer on Jan 13, 2018.
             Was a Follower of Sif Muna.
             Slain by a hornet (11 damage)
             ... on level 8 of the Dungeon.
             The game lasted 00:33:54 (13530 turns).

mortelune the Destroyer (Pale Draconian Conjurer)  Turns: 13530, Time: 00:33:54

Health: 0/78       AC:  8    Str: 11    XL:     9   Next: 65%
Magic:  3/18       EV: 12    Int: 18    God:    Sif Muna [*.....]
Gold:   340        SH:  0    Dex: 12    Spells: 5/20 levels left

rFire    . . .     SeeInvis .   C - +2 morningstar
rCold    . . .     Gourm    .   (no shield)
rNeg     . . .     Faith    .   (armour unavailable)
rPois    .         Spirit   .   (helmet restricted)
rElec    .         Reflect  .   (no cloak)
rCorr    .         Harm     .   (no gloves)
MR       .....                  v - +0 pair of boots
Stlth    +.........             (no amulet)
HPRegen  0.23/turn              (no ring)
MPRegen  0.16/turn              (no ring)

@: lethally poisoned (0 -> -3), slowed, heavily drained, very slow
A: breathe steam, unfitting armour, cold-blooded, AC +7
a: Breathe Steam, Divine Energy, Renounce Religion


You were on level 8 of the Dungeon.
You worshipped Sif Muna.
Sif Muna was aware of your devotion.
You were not hungry.

You visited 2 branches of the dungeon, and saw 9 of its levels.

You collected 340 gold pieces.

Inventory:

Hand Weapons
 h - a +0 short sword
 o - a +0 whip of freezing
 s - a +0 flail
 C - a +2 morningstar (weapon)
Armour
 v - a +0 pair of boots (worn)
 w - a +0 shield
Wands
 y - a wand of polymorph (20)
Scrolls
 e - 3 scrolls of blinking
 f - 6 scrolls of identify
 l - 3 scrolls of teleportation
 n - 2 scrolls of amnesia {unknown}
 q - 3 scrolls of immolation
 t - a scroll of magic mapping
 u - 2 scrolls of enchant weapon {unknown}
 A - a scroll of remove curse
 D - a scroll of vulnerability {unknown}
Potions
 c - 5 potions of might
 d - a potion of flight
 g - 6 potions of curing
 i - a potion of haste {unknown}
 j - a potion of ambrosia {unknown}
 k - 2 potions of invisibility
 m - 3 potions of lignification
 p - 2 potions of degeneration
 r - 2 potions of berserk rage {unknown}
 z - a potion of agility {unknown}
 F - 2 potions of heal wounds {unknown}
Books
 a - a book of Conjurations

   Spells                             Type                      Level
   a - Magic Dart                     Conjuration                  1
   b - Searing Ray                    Conjuration                  2
   c - Dazzling Spray                 Conjuration/Hexes            3
   d - Fulminant Prism                Conjuration/Hexes            4
   e - Force Lance                    Conjuration/Translocation    4
   f - Iskenderun's Mystic Blast      Conjuration                  4
 B - a book of Minor Magic

   Spells                             Type                      Level
   a - Magic Dart                     Conjuration                  1
   b - Blink                          Translocation                2
   c - Call Imp                       Summoning                    2
   d - Slow                           Hexes                        2
   e - Conjure Flame                  Conjuration/Fire             3
   f - Mephitic Cloud                 Conjuration/Poison/Air       3
 E - a book of Misfortune

   Spells                             Type                      Level
   a - Confusing Touch                Hexes                        1
   b - Confuse                        Hexes                        3
   c - Gell's Gravitas                Translocation                3
   d - Petrify                        Transmutation/Earth          4
   e - Metabolic Englaciation         Hexes/Ice                    5
   f - Yara's Violent Unravelling     Hexes/Transmutation          5
Comestibles
 b - 13 rations


   Skills:
 + Level 6.5(5.3) Fighting
 + Level 3.6(2.4) Dodging
 - Level 1.7(0.6) Stealth
 + Level 6.0(4.8) Spellcasting
 * Level 9.8(8.4) Conjurations
 - Level 2.0(0.9) Translocations
 + Level 3.5(2.3) Fire Magic


You had 5 spell levels left.
You knew the following spells:

 Your Spells              Type           Power        Failure   Level  Hunger
a - Magic Dart            Conj           ####         1%          1    None
b - Searing Ray           Conj           ####..       1%          2    #......
c - Dazzling Spray        Conj/Hex       ###...       7%          3    ###....
d - Iskenderun's Mystic   Conj           ####....     4%          4    ####...
e - Blink                 Tloc           N/A          14%         2    #......
f - Conjure Flame         Conj/Fire      ###.....     4%          3    ###....


Dungeon Overview and Level Annotations

Branches:
Dungeon (8/15)             Temple (1/1) D:7
   Lair: D:8-11

Altars:
Cheibriados
Dithmenos
Fedhas
Gozag
Hepliaklqana
Kikubaaqudgha
Okawaru
Qazlal
Ru
Sif Muna
Trog
Vehumet
Yredelemnul
The Shining One


Innate Abilities, Weirdness & Mutations

You can breathe blasts of scalding, opaque steam.
Your pale cyan-grey scales are hard. (AC +7)
You cannot fit into any form of body armour.
You are cold-blooded and may be slowed by cold attacks.


Message History

You are poisoned.
You feel yourself slow down. The hornet stings you!
* * * LOW HITPOINT WARNING * * *
You are more poisoned.
You feel as though you will be slow longer.
The hornet barely misses you.
You feel better. The hornet stings you.
You are poisoned.
You feel as though you will be slow longer.
The hornet stings you!
* * * LOW HITPOINT WARNING * * *
You feel as though you will be slow longer.
Casting: Searing Ray
Confirm with . or Enter, or press ? or * to list all spells.
Aiming: Dazzling Spray
Press: ? - help, Shift-Dir - straight line, f/p - hornet
Aim: a hornet (moderately wounded)
The spray of energy misses the hornet.
You feel sick. The hornet misses you. The hornet stings you!
You die...

#.....))#
.......#.......#
.......#.......#
.......#.(.....#
.......#=......#
.......#.......#
.......#.......#
...[[.y#.......#
#@.......#
#....########
.....#### ####


You could see a hornet.

Vanquished Creatures
  The ghost of Squigly the Spear-Bearer, a novice MfGl of Okawaru (D:7)
  A wyvern (D:8)
  3 sky beasts (D:7)
  2 phantoms
  The ghost of Daviar the Ruffian, an amateur NaCK of Xom (D:5)
  2 ogres
  A centaur (D:5)
  4 bullfrogs
  2 scorpions
  3 wights (D:6)
  2 howler monkeys
  5 hounds
  A centaur skeleton (D:6)
  A jelly (D:7)
  2 bullfrog skeletons
  7 orc wizards
  3 iguanas
  5 worker ants
  2 hound skeletons
  A worker ant zombie (D:6)
  9 gnolls
  7 adders
  10 river rats (D:5)
  2 shadow imps
  An ooze (D:3)
  4 dart slugs
  10 leopard geckos
  14 orcs
  3 ball pythons
  2 giant cockroaches
  8 goblins
  6 hobgoblins
  17 jackals
  6 kobolds
  7 quokkas
  10 bats
  10 frilled lizards
  A jackal skeleton (D:4)
  A quokka zombie (D:6)
  23 rats
200 creatures vanquished.

Notes
Turn   | Place    | Note
-------+----------+-------------------------------------------
     0 | D:1      | mortelune the Draconian Conjurer began the quest for the Orb.
     0 | D:1      | Reached XP level 1. HP: 14/14 MP: 3/3
   217 | D:1      | Reached XP level 2. HP: 22/22 MP: 1/5
   221 | D:1      | Learned a level 2 spell: Searing Ray
  1014 | D:1      | Reached skill level 1 in Fighting
  1944 | D:2      | Reached XP level 3. HP: 28/28 MP: 4/6
  1949 | D:2      | Learned a level 3 spell: Dazzling Spray
  2759 | D:2      | Reached XP level 4. HP: 36/36 MP: 3/7
  2826 | D:2      | Found a blossoming altar of Fedhas.
  3144 | D:3      | Reached skill level 5 in Conjurations
  3788 | D:3      | Reached XP level 5. HP: 21/41 MP: 0/9
  4588 | D:3      | Found an iron altar of Okawaru.
  5081 | D:4      | Noticed a phantom
  5265 | D:4      | Reached XP level 6. HP: 51/51 MP: 5/11
  5382 | D:4      | Reached skill level 6 in Conjurations
  5920 | D:4      | Found a sacrificial altar of Ru.
  5937 | D:4      | Found a basalt altar of Yredelemnul.
  6160 | D:4      | Your scales start taking on a pale cyan-grey colour.
  6160 | D:4      | Reached XP level 7. HP: 58/58 MP: 6/12
  6685 | D:4      | Learned a level 4 spell: Iskenderun's Mystic Blast
  6881 | D:5      | Entered Level 5 of the Dungeon
  6881 | D:5      | Noticed Daviar's ghost (amateur NaCK)
  7102 | D:5      | Killed Daviar's ghost
  7102 | D:5      | Reached skill level 7 in Conjurations
  8260 | D:5      | Reached XP level 8. HP: 67/67 MP: 0/14
  9003 | D:4      | Found a stormy altar of Qazlal.
  9003 | D:4      | Found a glowing golden altar of the Shining One.
  9074 | D:6      | Reached skill level 5 in Fighting
  9074 | D:6      | Reached skill level 8 in Conjurations
  9820 | D:6      | Reached skill level 5 in Spellcasting
  9933 | D:6      | Learned a level 2 spell: Blink
  9937 | D:6      | Learned a level 3 spell: Conjure Flame
 10646 | D:6      | Reached skill level 1 in Fire Magic
 10700 | D:6      | Reached skill level 1 in Translocations
 10776 | D:7      | Noticed Squigly's ghost (novice MfGl)
 11352 | D:7      | Found a staircase to the Ecumenical Temple.
 11359 | Temple   | Entered the Ecumenical Temple
 11367 | Temple   | Became a worshipper of Sif Muna the Loreminder
 11647 | D:7      | Reached skill level 9 in Conjurations
 11647 | D:7      | Reached XP level 9. HP: 28/75 MP: 3/17
 13134 | D:7      | Killed Squigly's ghost
 13134 | D:7      | Reached * piety under Sif Muna
 13530 | D:8      | Slain by a hornet

Skill      XL: |  1  2  3  4  5  6  7  8  9 |
---------------+----------------------------+-----
Fighting       | 1 2 3 4 5 6 |  6.5
Conjurations   | 5 6 7 9 |  9.8
Spellcasting   | 3 4 5 6 |  6.0
Dodging        | 2 3 |  3.6
Fire Magic     | 2 3 |  3.5
Translocations | 1 2 |  2.0
Stealth        | |  1.7

Action                   |  1- 3 |  4- 6 |  7- 9 || total
-------------------------+-------+-------+-------++-------
Melee: Unarmed           |     3 |       |       ||     3
       Short sword       |       |    10 |       ||    10
       Flail             |       |     5 |       ||     5
       Whip              |       |    11 |    33 ||    44
       Tailslap          |       |     2 |     4 ||     6
       Morningstar       |       |       |    21 ||    21
 Cast: Magic Dart        |    67 |    91 |   194 ||   352
       Searing Ray       |     4 |    21 |    45 ||    70
       Dazzling Spray    |       |     1 |     3 ||     4
       Iskenderun's Myst |       |       |    27 ||    27
       Conjure Flame     |       |       |     6 ||     6
       Blink             |       |       |     1 ||     1
 Abil: Breathe Steam     |       |       |     3 ||     3
  Use: Scroll            |       |     8 |     5 ||    13
       Potion            |       |       |     1 ||     1
  Eat: Chunk             |     7 |    11 |    26 ||    44
       Ration            |       |       |     1 ||     1
Armor: Skin              |     3 |    22 |    61 ||    86
Dodge: Dodged            |     4 |    55 |    86 ||   145
